Blue Jackets vs Stars
Created - December 17, 2019 at 19:07
Goals
|
| Blue Jackets |
1 |
2 |
3 |
0 |
0 |
6 |
| Stars |
1 |
3 |
2 |
0 |
1 |
7 |
|
Shots
|
| Blue Jackets |
8 |
6 |
17 |
3 |
3 |
34 |
| Stars |
7 |
7 |
9 |
2 |
2 |
25 |
|
1st period
1. Blue Jackets , Artemi Panarin 8 (Pavel Datsyuk 18, Cam Fowler 8) at 2:07
2. Stars , Jussi Jokinen 9 (Alex Chiasson 6, Cory Schneider) at 3:05 (PP)
Penalties :
Cody Eakin (Clb) for Slashing (Minor) at 2:31, Pavel Datsyuk (Clb) for Holding (Minor) at 17:37
2nd period
3. Stars , Jussi Jokinen 10 (Brian Lee 10, Ian White 9) at 3:38
4. Stars , John Tavares 14 (Guillaume Latendresse 18) at 11:18 (PP)
5. Stars , Jussi Jokinen 11 (Alex Chiasson 7, Niklas Hjalmarsson 2) at 14:03
6. Blue Jackets , Devin Setoguchi 7 (Cam Fowler 9) at 16:26
7. Blue Jackets , Artemi Panarin 9 (Cam Fowler 10, Derek Boogaard 12) at 19:22
Penalties :
Alexander Frolov (Dal) for Hooking (Minor) at 7:23, Mike Lundin (Clb) for Interference (Minor) at 11:14, Michael Grabner (Dal) for Hooking (Minor) at 11:47
3rd period
8. Blue Jackets , Devin Setoguchi 8 (Artemi Panarin 14) at 4:46
9. Blue Jackets , Andreas Nodl 6 (Max Pacioretty 7, Cody Eakin 6) at 11:12
10. Stars , Guillaume Latendresse 11 (John Tavares 20, Andrej Sustr 3) at 12:04
11. Stars , Cory Emmerton 3 (B.J. Crombeen 5, Ian White 10) at 15:50
12. Blue Jackets , Derek Boogaard 6 (Martin Havlat 16) at 16:25
Penalties :
No Penalty
Overtime #1
No Goal
Penalties :
No Penalty
Shootout
Blue Jackets, Derek Boogaard - Stopped by Cory Schneider
Stars, John Tavares - Goal!
Blue Jackets, Artemi Panarin - Stopped by Cory Schneider
Stars, Guillaume Latendresse - Shot Misses the Net
Blue Jackets, Martin Havlat - Stopped by Cory Schneider
Penalties :
No Penalty
Goalie Stats
Andrei Vasilevskiy (Clb), 11 saves from 13 shots - (0.846), OTL, 0-2-1, 30:57 minutes
Rick DiPietro (Clb), 8 saves from 12 shots - (0.667), 34:03 minutes
Cory Schneider (Dal), 28 saves from 34 shots - (0.824), W, 14-6-1, 65:00 minutes
Players Stats for Blue Jackets
Player Name G A P +/- PIM S H SB GA TA FO MP PP MP PK MP
------------------------------------------------------------------------------------
A.J Thelen 0 0 0 -1 0 0 0 3 0 0 0/0 12:55 0:00 0:00
Andreas Nodl 1 0 1 -1 0 2 1 0 2 0 0/0 13:08 0:00 0:00
Artemi Panarin 2 1 3 4 0 3 1 0 1 1 0/0 19:04 1:48 1:44
Branislav Mezei 0 0 0 -1 0 3 0 0 0 0 0/0 19:49 1:34 0:37
Cam Fowler 0 3 3 4 0 2 2 1 2 0 0/0 32:16 2:24 2:00
Cody Eakin 0 1 1 -1 2 0 0 0 0 0 7/11 12:57 0:00 0:16
Derek Boogaard 1 1 2 1 0 1 1 0 0 0 3/7 24:30 2:00 1:41
Devin Setoguchi 2 0 2 4 0 5 3 0 1 0 0/0 17:24 1:48 0:43
Eric Wellwood 0 0 0 -2 0 0 0 0 3 0 0/0 9:22 0:00 0:07
Kevin Porter 0 0 0 -2 0 1 0 1 0 0 1/3 8:54 0:00 0:00
Martin Havlat 0 1 1 1 0 0 4 2 0 0 0/1 23:11 2:10 0:43
Max Pacioretty 0 1 1 -1 0 6 4 0 1 0 0/0 13:20 0:10 0:00
Mike Lundin 0 0 0 4 2 1 1 3 1 0 0/0 32:11 2:24 1:56
Pavel Datsyuk 0 1 1 1 2 2 2 0 0 1 12/27 21:14 2:10 0:00
Peter Mueller 0 0 0 4 0 5 2 0 1 0 4/9 15:23 1:48 0:00
Rob Scuderi 0 0 0 -1 0 2 0 0 0 0 0/0 19:49 1:34 0:37
Ryan Wilson 0 0 0 -1 0 0 0 0 0 1 0/0 12:59 0:00 0:04
Tyler Kennedy 0 0 0 -2 0 1 2 1 0 1 0/0 8:54 0:00 0:00
Players Stats for Stars
Player Name G A P +/- PIM S H SB GA TA FO MP PP MP PK MP
------------------------------------------------------------------------------------
Alex Chiasson 0 2 2 1 0 0 1 0 0 0 1/1 16:16 0:58 0:00
Alexander Frolov 0 0 0 -1 2 0 3 0 0 0 0/0 14:15 0:00 0:20
Andrej Sustr 0 1 1 0 0 0 0 1 0 1 0/0 12:39 0:00 0:00
Antoine Vermette 0 0 0 1 0 1 1 0 0 1 8/12 18:38 0:58 1:05
B.J. Crombeen 0 1 1 -1 0 1 0 0 0 0 0/0 11:57 0:00 0:00
Boris Valabik 0 0 0 -3 0 1 3 1 0 3 0/0 22:11 0:38 1:46
Brian Lee 0 1 1 1 0 2 1 0 0 0 0/0 30:10 1:59 2:12
Cam Atkinson 0 0 0 -2 0 0 1 0 0 1 0/0 6:50 0:00 0:00
Cory Emmerton 1 0 1 -1 0 2 1 0 2 1 1/1 14:01 0:00 0:45
Evgeny Grachev 0 0 0 -2 0 1 1 0 0 0 0/3 6:50 0:00 0:00
Guillaume Latendresse 1 1 2 0 0 4 2 2 1 2 0/0 24:32 1:39 2:08
Ian White 0 2 2 1 0 0 1 1 0 1 0/0 30:10 1:59 2:12
John Tavares 1 1 2 0 0 6 1 1 1 0 20/39 24:42 1:39 2:10
Johnny Oduya 0 0 0 -3 0 0 0 1 0 0 0/0 22:11 0:38 1:46
Jussi Jokinen 3 0 3 1 0 5 1 0 0 1 0/0 18:46 0:58 1:13
Michael Grabner 0 0 0 0 2 1 4 0 0 0 1/2 20:30 1:39 0:00
Niklas Hjalmarsson 0 1 1 0 0 0 0 1 0 1 0/0 12:39 0:00 0:00
Ted Purcell 0 0 0 -2 0 1 2 0 0 0 0/0 8:43 0:00 0:15
3 Stars
1 - Artemi Panarin (Clb)
2 - Jussi Jokinen (Dal)
3 - Devin Setoguchi (Clb)
Power Play
Blue Jackets - 0 on 2 Attempt(s) - 0.00%
Stars - 2 on 3 Attempt(s) - 66.67%
Penalty Kill
Blue Jackets - 1 on 3 Attempt(s) - 33.33%
- Score 0 goal in Penalty Kill
Stars - 2 on 2 Attempt(s) - 100.00%
- Score 0 goal in Penalty Kill
Team Stat
Blue Jackets - Hits : 23 - Faceoff Wins : 27 - Blocked Shots : 11 - Penalty Minutes : 6
Stars - Hits : 23 - Faceoff Wins : 31 - Blocked Shots : 8 - Penalty Minutes : 4
Official
Referees : Unknown
Linesman : Unknown
Game Notes
Jussi Jokinen has scored a Hat Trick!
Andrei Vasilevskiy enters game at 14:03 of 2nd period
Finance
Level 1 -- Attendance: 5061 (84.35%) -- Ticket Income $546,588
Level 2 -- Attendance: 3857 (77.14%) -- Ticket Income $269,990
Level 3 -- Attendance: 1925 (96.25%) -- Ticket Income $77,000
Level 4 -- Attendance: 2629 (65.73%) -- Ticket Income $92,015
Luxury Box -- Attendance: 751 (75.10%) -- Ticket Income $140,437
Game was played at the American Airlines Center.
Total Attendance: 14223 (79.02%)
Total Ticket Income: $1,126,030
Other Income: $168,904
Total Income: $1,294,934
Blue Jackets
5 vs 5 Forward
Center Left Wing Right Wing Time % Phy DF OF
1 Pavel Datsyuk Derek Boogaard Martin Havlat 40 1 2 2
2 Peter Mueller Artemi Panarin Devin Setoguchi 30 1 2 2
3 Cody Eakin Max Pacioretty Andreas Nodl 20 1 2 2
4 Kevin Porter Eric Wellwood Tyler Kennedy 10 1 2 2
5 vs 5 Defense
Defense Defense Time % Phy DF OF
1 Mike Lundin Cam Fowler 40 1 2 2
2 Branislav Mezei Rob Scuderi 30 1 2 2
3 A.J Thelen Ryan Wilson 20 1 2 2
4 Mike Lundin Cam Fowler 10 1 2 2
PowerPlay Forward
Center Left Wing Right Wing Time % Phy DF OF
1 Pavel Datsyuk Derek Boogaard Martin Havlat 60 1 2 2
2 Peter Mueller Artemi Panarin Devin Setoguchi 40 1 2 2
PowerPlay Defense
Defense Defense Time % Phy DF OF
1 Mike Lundin Cam Fowler 60 1 2 2
2 Branislav Mezei Rob Scuderi 40 1 2 2
Penalty Kill 4 Players Forward
Center Wing Time % Phy DF OF
1 Derek Boogaard Artemi Panarin 60 1 2 2
2 Martin Havlat Devin Setoguchi 40 1 2 2
Penalty Kill 4 Players Defense
Defense Defense Time % Phy DF OF
1 Mike Lundin Cam Fowler 60 1 2 2
2 Branislav Mezei Rob Scuderi 40 1 2 2
Penalty Kill - 3 Players Forward
Forward Time % Phy DF OF
1 Derek Boogaard 60 1 2 2
2 Artemi Panarin 40 1 2 2
Penalty Kill - 3 Players Defense
Defense Defense Time % Phy DF OF
1 Mike Lundin Cam Fowler 60 1 2 2
2 Branislav Mezei Rob Scuderi 40 1 2 2
4 vs 4 Forward
Center Wing Time % Phy DF OF
1 Derek Boogaard Artemi Panarin 60 1 2 2
2 Martin Havlat Devin Setoguchi 40 1 2 2
4 vs 4 Defense
Defense Defense Time % Phy DF OF
1 Mike Lundin Cam Fowler 60 1 2 2
2 Branislav Mezei Rob Scuderi 40 1 2 2
Last Minutes Offensive
Center Left Wing Right Wing Defense Defense
Pavel Datsyuk Derek Boogaard Martin Havlat Mike Lundin Cam Fowler
Last Minutes Defensive
Center Left Wing Right Wing Defense Defense
Pavel Datsyuk Derek Boogaard Martin Havlat Mike Lundin Cam Fowler
Goaltenders
Starting : Rick DiPietro
Backup : Andrei Vasilevskiy
Extra Forwards
Normal : Max Pacioretty, Andreas Nodl, Cody Eakin - PP : Max Pacioretty, Andreas Nodl - PK : Cody Eakin
Extra Defensemen
Normal : A.J Thelen, Ryan Wilson, Branislav Mezei - PP : A.J Thelen - PK : Ryan Wilson, Branislav Mezei
Penalty Shots
Derek Boogaard, Artemi Panarin, Martin Havlat, Devin Setoguchi, Max Pacioretty
Scratches
Mike Comrie (Broken Bone (Left Arm) Injury)
Stars
5 vs 5 Forward
Center Left Wing Right Wing Time % Phy DF OF
1 John Tavares Guillaume Latendresse Michael Grabner 40 1 2 2
2 Antoine Vermette Jussi Jokinen Alex Chiasson 30 1 2 2
3 Cory Emmerton Alexander Frolov B.J. Crombeen 20 1 2 2
4 Evgeny Grachev Ted Purcell Cam Atkinson 10 1 2 2
5 vs 5 Defense
Defense Defense Time % Phy DF OF
1 Ian White Brian Lee 40 1 2 2
2 Boris Valabik Johnny Oduya 30 1 2 2
3 Niklas Hjalmarsson Andrej Sustr 20 1 2 2
4 Ian White Brian Lee 10 1 2 2
PowerPlay Forward
Center Left Wing Right Wing Time % Phy DF OF
1 John Tavares Guillaume Latendresse Michael Grabner 60 0 2 3
2 Antoine Vermette Jussi Jokinen Alex Chiasson 40 0 2 3
PowerPlay Defense
Defense Defense Time % Phy DF OF
1 Ian White Brian Lee 60 0 2 3
2 Boris Valabik Johnny Oduya 40 0 2 3
Penalty Kill 4 Players Forward
Center Wing Time % Phy DF OF
1 John Tavares Guillaume Latendresse 60 0 3 2
2 Jussi Jokinen Antoine Vermette 40 0 3 2
Penalty Kill 4 Players Defense
Defense Defense Time % Phy DF OF
1 Ian White Brian Lee 60 0 3 2
2 Boris Valabik Johnny Oduya 40 0 3 2
Penalty Kill - 3 Players Forward
Forward Time % Phy DF OF
1 John Tavares 60 0 3 2
2 Guillaume Latendresse 40 0 3 2
Penalty Kill - 3 Players Defense
Defense Defense Time % Phy DF OF
1 Ian White Brian Lee 60 0 3 2
2 Boris Valabik Johnny Oduya 40 0 3 2
4 vs 4 Forward
Center Wing Time % Phy DF OF
1 John Tavares Guillaume Latendresse 60 1 2 2
2 Jussi Jokinen Antoine Vermette 40 1 2 2
4 vs 4 Defense
Defense Defense Time % Phy DF OF
1 Ian White Brian Lee 60 1 2 2
2 Boris Valabik Johnny Oduya 40 1 2 2
Last Minutes Offensive
Center Left Wing Right Wing Defense Defense
John Tavares Guillaume Latendresse Michael Grabner Ian White Brian Lee
Last Minutes Defensive
Center Left Wing Right Wing Defense Defense
John Tavares Guillaume Latendresse Michael Grabner Ian White Brian Lee
Goaltenders
Starting : Cory Schneider
Backup : Brian Elliott
Extra Forwards
Normal : Alexander Frolov, Ted Purcell, Cory Emmerton - PP : Alexander Frolov, Ted Purcell - PK : Cory Emmerton
Extra Defensemen
Normal : Niklas Hjalmarsson, Andrej Sustr, Boris Valabik - PP : Niklas Hjalmarsson - PK : Andrej Sustr, Boris Valabik
Penalty Shots
John Tavares, Guillaume Latendresse, Jussi Jokinen, Antoine Vermette, Alexander Frolov
Scratches
Shawn Matthias (Healthy)
% Time on Ice - Blue Jackets
Lines # - Real PCT - Wanted PCT - Time Play
Normal Forward
1 - 36% - 40% - 19:27
2 - 25% - 30% - 13:35
3 - 21% - 20% - 11:29
4 - 17% - 10% - 8:54
Normal Defense
1 - 41% - 40% - 21:40
2 - 30% - 30% - 15:50
3 - 22% - 20% - 12:01
4 - 7% - 10% - 3:54
PP Forward
1 - 55% - 60% - 2:10
2 - 45% - 40% - 1:48
PP Defense
1 - 61% - 60% - 2:24
2 - 39% - 40% - 1:34
PK Forward
1 - 73% - 60% - 1:54
2 - 27% - 40% - 0:43
PK Defense
1 - 76% - 60% - 2:00
2 - 24% - 40% - 0:37
PK3 Forward
1 - 0% - 60%
2 - 0% - 40%
PK3 Defense
1 - 0% - 60%
2 - 0% - 40%
44 Forward
1 - 76% - 60% - 3:47
2 - 24% - 40% - 1:13
44 Defense
1 - 64% - 60% - 3:12
2 - 36% - 40% - 1:48
Last Minute Offensive - 0:00
Last Minute Defensive - 0:00
Total
Forward - 65:00
Defense - 65:00
|
% Time on Ice - Stars
Lines # - Real PCT - Wanted PCT - Time Play
Normal Forward
1 - 36% - 40% - 19:20
2 - 29% - 30% - 15:18
3 - 22% - 20% - 11:57
4 - 13% - 10% - 6:50
Normal Defense
1 - 39% - 40% - 20:58
2 - 33% - 30% - 17:46
3 - 22% - 20% - 11:50
4 - 5% - 10% - 2:51
PP Forward
1 - 63% - 60% - 1:39
2 - 37% - 40% - 0:58
PP Defense
1 - 76% - 60% - 1:59
2 - 24% - 40% - 0:38
PK Forward
1 - 82% - 60% - 3:16
2 - 18% - 40% - 0:42
PK Defense
1 - 55% - 60% - 2:12
2 - 45% - 40% - 1:46
PK3 Forward
1 - 0% - 60%
2 - 0% - 40%
PK3 Defense
1 - 0% - 60%
2 - 0% - 40%
44 Forward
1 - 74% - 60% - 3:43
2 - 26% - 40% - 1:17
44 Defense
1 - 60% - 60% - 2:59
2 - 40% - 40% - 2:01
Last Minute Offensive - 0:00
Last Minute Defensive - 0:00
Total
Forward - 65:00
Defense - 65:00
|
Play-by-Play
1st period
0:01 of 1st period - Pavel Datsyuk wins face-off versus John Tavares in neutral zone.
0:06 of 1st period - Slapshot by Cam Fowler.
0:06 of 1st period - Deflect By Brian Lee.
0:06 of 1st period - Stopped by Cory Schneider with a rebound.
0:08 of 1st period - Slapshot by Cam Fowler.
0:08 of 1st period - Stopped by Cory Schneider with a rebound.
1:41 of 1st period - Wrist shot by Michael Grabner.
1:41 of 1st period - Shot Misses the Net.
2:07 of 1st period - Wrist shot by Artemi Panarin.
2:07 of 1st period - Goal by Artemi Panarin - Blue Jackets : 1 - Stars : 0.
2:08 of 1st period - Cody Eakin wins face-off versus John Tavares in neutral zone.
2:23 of 1st period - Snap shot by John Tavares.
2:23 of 1st period - Stopped by Rick DiPietro with a rebound.
2:25 of 1st period - Snap shot by Boris Valabik.
2:25 of 1st period - Shot Misses the Net.
2:31 of 1st period - Minor Penalty to Cody Eakin for Slashing.
2:32 of 1st period - Derek Boogaard wins face-off versus John Tavares in Blue Jackets zone.
3:05 of 1st period - Slapshot by Jussi Jokinen.
3:05 of 1st period - Goal by Jussi Jokinen - Blue Jackets : 1 - Stars : 1.
3:06 of 1st period - Alex Chiasson wins face-off versus Pavel Datsyuk in neutral zone.
3:58 of 1st period - Slapshot by Cody Eakin.
3:58 of 1st period - Shot Blocked by Johnny Oduya.
4:03 of 1st period - Off-side.
4:04 of 1st period - Antoine Vermette wins face-off versus Martin Havlat in neutral zone.
5:22 of 1st period - Slapshot by Ted Purcell.
5:22 of 1st period - Stopped by Rick DiPietro without a rebound.
5:23 of 1st period - Antoine Vermette wins face-off versus Derek Boogaard in Blue Jackets zone.
5:49 of 1st period - Backhand shot by Peter Mueller.
5:49 of 1st period - Stopped by Cory Schneider with a rebound.
5:51 of 1st period - Slapshot by Artemi Panarin.
5:51 of 1st period - Shot Blocked by Niklas Hjalmarsson.
5:53 of 1st period - Slapshot by Branislav Mezei.
5:53 of 1st period - Stopped by Cory Schneider with a rebound.
5:55 of 1st period - Backhand shot by Branislav Mezei.
5:55 of 1st period - Stopped by Cory Schneider with a rebound.
5:57 of 1st period - Snap shot by Peter Mueller.
5:57 of 1st period - Shot Blocked by Andrej Sustr.
5:59 of 1st period - Snap shot by Devin Setoguchi.
5:59 of 1st period - Shot Blocked by Guillaume Latendresse.
6:21 of 1st period - Wrist shot by B.J. Crombeen.
6:21 of 1st period - Shot Misses the Net.
8:37 of 1st period - Tyler Kennedy is hit by Boris Valabik and loses puck.
8:44 of 1st period - Snap shot by Guillaume Latendresse.
8:44 of 1st period - Shot Misses the Net.
9:08 of 1st period - Kevin Porter is hit by Boris Valabik and loses puck.
10:01 of 1st period - Jussi Jokinen is hit by Max Pacioretty.
10:21 of 1st period - Snap shot by Cory Emmerton.
10:21 of 1st period - Shot Blocked by Martin Havlat.
10:29 of 1st period - Derek Boogaard is hit by Cory Emmerton and loses puck.
10:59 of 1st period - Icing by John Tavares.
11:00 of 1st period - Antoine Vermette wins face-off versus Cody Eakin in Stars zone.
11:29 of 1st period - Snap shot by Pavel Datsyuk.
11:29 of 1st period - Stopped by Cory Schneider with a rebound.
11:49 of 1st period - A.J Thelen is hit by Evgeny Grachev.
12:57 of 1st period - Off-side.
12:58 of 1st period - Cody Eakin wins face-off versus John Tavares in neutral zone.
14:21 of 1st period - Slapshot by Max Pacioretty.
14:21 of 1st period - Stopped by Cory Schneider without a rebound.
14:22 of 1st period - Cody Eakin wins face-off versus Antoine Vermette in Stars zone.
14:33 of 1st period - Backhand shot by Brian Lee.
14:33 of 1st period - Shot Misses the Net.
14:51 of 1st period - Snap shot by John Tavares.
14:51 of 1st period - Shot Misses the Net.
15:28 of 1st period - Icing by Devin Setoguchi.
15:29 of 1st period - Kevin Porter wins face-off versus Evgeny Grachev in Blue Jackets zone.
15:36 of 1st period - Snap shot by Johnny Oduya.
15:36 of 1st period - Shot Misses the Net.
15:38 of 1st period - Wrist shot by Evgeny Grachev.
15:38 of 1st period - Stopped by Rick DiPietro without a rebound.
15:39 of 1st period - John Tavares wins face-off versus Pavel Datsyuk in Blue Jackets zone.
16:15 of 1st period - Snap shot by Jussi Jokinen.
16:15 of 1st period - Stopped by Rick DiPietro with a rebound.
16:54 of 1st period - Wrist shot by Kevin Porter.
16:54 of 1st period - Deflect By Tyler Kennedy.
16:54 of 1st period - Shot Misses the Net.
16:54 of 1st period - Puck is out of play.
16:55 of 1st period - Pavel Datsyuk wins face-off versus John Tavares in Stars zone.
17:02 of 1st period - Snap shot by Martin Havlat.
17:02 of 1st period - Shot Misses the Net.
17:34 of 1st period - Snap shot by Antoine Vermette.
17:34 of 1st period - Stopped by Rick DiPietro without a rebound.
17:35 of 1st period - Pavel Datsyuk wins face-off versus Michael Grabner in Blue Jackets zone.
17:37 of 1st period - Minor Penalty to Pavel Datsyuk for Holding.
17:38 of 1st period - Derek Boogaard wins face-off versus John Tavares in Blue Jackets zone.
17:38 of 1st period - Derek Boogaard is hit by Michael Grabner.
17:51 of 1st period - Slapshot by Brian Lee.
17:51 of 1st period - Shot Misses the Net.
17:53 of 1st period - Slapshot by Guillaume Latendresse.
17:53 of 1st period - Stopped by Rick DiPietro without a rebound.
17:54 of 1st period - John Tavares wins face-off versus Derek Boogaard in Blue Jackets zone.
19:20 of 1st period - Icing by Guillaume Latendresse.
19:21 of 1st period - Derek Boogaard wins face-off versus John Tavares in Stars zone.
19:37 of 1st period - Penalty to Pavel Datsyuk is over, Pavel Datsyuk is back on ice.
Goals for this period are 1 for Blue Jackets vs 1 for Stars.
Shots for this period are 8 for Blue Jackets vs 7 for Stars.
2nd period
0:01 of 2nd period - John Tavares wins face-off versus Pavel Datsyuk in neutral zone.
0:17 of 2nd period - Slapshot by Brian Lee.
0:17 of 2nd period - Shot Misses the Net.
0:27 of 2nd period - Pavel Datsyuk is hit by Ian White and loses puck.
0:53 of 2nd period - Derek Boogaard is hit by Ted Purcell and loses puck.
1:02 of 2nd period - Slapshot by Evgeny Grachev.
1:02 of 2nd period - Shot Misses the Net.
1:32 of 2nd period - Wrist shot by John Tavares.
1:32 of 2nd period - Shot Misses the Net.
1:34 of 2nd period - Slapshot by Guillaume Latendresse.
1:34 of 2nd period - Shot Blocked by Mike Lundin.
1:42 of 2nd period - Slapshot by Guillaume Latendresse.
1:42 of 2nd period - Shot Misses the Net.
1:54 of 2nd period - Wrist shot by Artemi Panarin.
1:54 of 2nd period - Shot Misses the Net.
1:56 of 2nd period - Slapshot by Mike Lundin.
1:56 of 2nd period - Deflect By Devin Setoguchi.
1:56 of 2nd period - Shot Hit the Post.
1:56 of 2nd period - Puck is out of play.
1:57 of 2nd period - Antoine Vermette wins face-off versus Peter Mueller in Stars zone.
1:57 of 2nd period - Antoine Vermette is hit by Peter Mueller.
2:13 of 2nd period - Slapshot by Jussi Jokinen.
2:13 of 2nd period - Shot Misses the Net.
2:37 of 2nd period - Boris Valabik is hit by Andreas Nodl and loses puck.
2:50 of 2nd period - Eric Wellwood is hit by Alexander Frolov and loses puck.
2:57 of 2nd period - Snap shot by Kevin Porter.
2:57 of 2nd period - Stopped by Cory Schneider without a rebound.
2:58 of 2nd period - Antoine Vermette wins face-off versus Peter Mueller in Stars zone.
3:03 of 2nd period - Ian White is hit by Devin Setoguchi.
3:30 of 2nd period - Slapshot by Brian Lee.
3:30 of 2nd period - Deflect By Eric Wellwood.
3:30 of 2nd period - Stopped by Rick DiPietro with a rebound.
3:32 of 2nd period - Snap shot by Brian Lee.
3:32 of 2nd period - Shot Blocked by A.J Thelen.
3:34 of 2nd period - Slapshot by Brian Lee.
3:34 of 2nd period - Shot Blocked by A.J Thelen.
3:36 of 2nd period - Slapshot by Ian White.
3:36 of 2nd period - Shot Blocked by Tyler Kennedy.
3:38 of 2nd period - Slapshot by Brian Lee.
3:38 of 2nd period - Deflect By Jussi Jokinen.
3:38 of 2nd period - Goal by Jussi Jokinen - Blue Jackets : 1 - Stars : 2.
3:39 of 2nd period - Peter Mueller wins face-off versus John Tavares in neutral zone.
3:50 of 2nd period - Wrist shot by Peter Mueller.
3:50 of 2nd period - Stopped by Cory Schneider with a rebound.
3:52 of 2nd period - Slapshot by Cam Fowler.
3:52 of 2nd period - Shot Misses the Net.
3:54 of 2nd period - Snap shot by Devin Setoguchi.
3:54 of 2nd period - Stopped by Cory Schneider without a rebound.
3:55 of 2nd period - Antoine Vermette wins face-off versus Pavel Datsyuk in Stars zone.
4:08 of 2nd period - Wrist shot by Alex Chiasson.
4:08 of 2nd period - Deflect By Jussi Jokinen.
4:08 of 2nd period - Stopped by Rick DiPietro without a rebound.
4:09 of 2nd period - John Tavares wins face-off versus Pavel Datsyuk in Blue Jackets zone.
4:12 of 2nd period - Snap shot by John Tavares.
4:12 of 2nd period - Shot Blocked by Martin Havlat.
4:29 of 2nd period - John Tavares is hit by Martin Havlat and loses puck.
5:01 of 2nd period - Icing by Andreas Nodl.
5:02 of 2nd period - Cory Emmerton wins face-off versus Kevin Porter in Blue Jackets zone.
6:36 of 2nd period - Ian White is hit by Tyler Kennedy and loses puck.
6:53 of 2nd period - Kevin Porter is hit by Alexander Frolov and loses puck.
7:23 of 2nd period - Minor Penalty to Alexander Frolov for Hooking.
7:24 of 2nd period - John Tavares wins face-off versus Pavel Datsyuk in Stars zone.
8:02 of 2nd period - Boris Valabik is hit by Devin Setoguchi and loses puck.
9:23 of 2nd period - Penalty to Alexander Frolov is over, Alexander Frolov is back on ice.
9:59 of 2nd period - Andrej Sustr is hit by Max Pacioretty and loses puck.
10:12 of 2nd period - Branislav Mezei is hit by Antoine Vermette and loses puck.
10:35 of 2nd period - Derek Boogaard is hit by Guillaume Latendresse.
11:14 of 2nd period - Minor Penalty to Mike Lundin for Interference.
11:15 of 2nd period - John Tavares wins face-off versus Derek Boogaard in Blue Jackets zone.
11:18 of 2nd period - Snap shot by John Tavares.
11:18 of 2nd period - Goal by John Tavares - Blue Jackets : 1 - Stars : 3.
11:19 of 2nd period - John Tavares wins face-off versus Pavel Datsyuk in neutral zone.
11:28 of 2nd period - Snap shot by Derek Boogaard.
11:28 of 2nd period - Deflect By Pavel Datsyuk.
11:28 of 2nd period - Stopped by Cory Schneider without a rebound.
11:29 of 2nd period - Pavel Datsyuk wins face-off versus John Tavares in Stars zone.
11:47 of 2nd period - Minor Penalty to Michael Grabner for Hooking.
11:48 of 2nd period - John Tavares wins face-off versus Pavel Datsyuk in Stars zone.
13:32 of 2nd period - Icing by Mike Lundin.
13:33 of 2nd period - John Tavares wins face-off versus Pavel Datsyuk in Blue Jackets zone.
13:47 of 2nd period - Penalty to Michael Grabner is over, Michael Grabner is back on ice.
13:53 of 2nd period - Off-side.
13:54 of 2nd period - Antoine Vermette wins face-off versus Cody Eakin in neutral zone.
14:01 of 2nd period - Slapshot by Alex Chiasson.
14:01 of 2nd period - Shot Misses the Net.
14:03 of 2nd period - Snap shot by Jussi Jokinen.
14:03 of 2nd period - Goal by Jussi Jokinen - Blue Jackets : 1 - Stars : 4.
14:03 of 2nd period - Andrei Vasilevskiy enters game.
14:04 of 2nd period - Pavel Datsyuk wins face-off versus John Tavares in neutral zone.
14:56 of 2nd period - Snap shot by Tyler Kennedy.
14:56 of 2nd period - Deflect By Eric Wellwood.
14:56 of 2nd period - Shot Misses the Net.
14:56 of 2nd period - Puck is out of play.
14:57 of 2nd period - John Tavares wins face-off versus Kevin Porter in Stars zone.
14:57 of 2nd period - John Tavares is hit by Tyler Kennedy.
15:31 of 2nd period - Snap shot by Pavel Datsyuk.
15:31 of 2nd period - Shot Blocked by Boris Valabik.
15:39 of 2nd period - B.J. Crombeen is hit by Martin Havlat and loses puck.
16:07 of 2nd period - Wrist shot by Cory Emmerton.
16:07 of 2nd period - Stopped by Andrei Vasilevskiy with a rebound.
16:09 of 2nd period - Wrist shot by B.J. Crombeen.
16:09 of 2nd period - Shot Misses the Net.
16:13 of 2nd period - Snap shot by B.J. Crombeen.
16:13 of 2nd period - Shot Misses the Net.
16:15 of 2nd period - Wrist shot by Cory Emmerton.
16:15 of 2nd period - Shot Misses the Net.
16:17 of 2nd period - Snap shot by B.J. Crombeen.
16:17 of 2nd period - Stopped by Andrei Vasilevskiy without a rebound.
16:18 of 2nd period - Peter Mueller wins face-off versus John Tavares in Blue Jackets zone.
16:18 of 2nd period - Peter Mueller is hit by Michael Grabner.
16:26 of 2nd period - Slapshot by Devin Setoguchi.
16:26 of 2nd period - Goal by Devin Setoguchi - Blue Jackets : 2 - Stars : 4.
16:27 of 2nd period - Michael Grabner wins face-off versus Peter Mueller in neutral zone.
16:58 of 2nd period - Mike Lundin is hit by Alex Chiasson and loses puck.
18:26 of 2nd period - Off-side.
18:27 of 2nd period - John Tavares wins face-off versus Cody Eakin in neutral zone.
18:53 of 2nd period - Alex Chiasson is hit by Martin Havlat and loses puck.
19:11 of 2nd period - Icing by Pavel Datsyuk.
19:12 of 2nd period - Pavel Datsyuk wins face-off versus Evgeny Grachev in Blue Jackets zone.
19:22 of 2nd period - Snap shot by Artemi Panarin.
19:22 of 2nd period - Goal by Artemi Panarin - Blue Jackets : 3 - Stars : 4.
19:23 of 2nd period - Pavel Datsyuk wins face-off versus John Tavares in neutral zone.
19:49 of 2nd period - Jussi Jokinen is hit by Artemi Panarin and loses puck.
Goals for this period are 2 for Blue Jackets vs 3 for Stars.
Shots for this period are 6 for Blue Jackets vs 7 for Stars.
3rd period
0:01 of 3rd period - John Tavares wins face-off versus Pavel Datsyuk in neutral zone.
0:53 of 3rd period - Wrist shot by Max Pacioretty.
0:53 of 3rd period - Stopped by Cory Schneider with a rebound.
1:30 of 3rd period - Niklas Hjalmarsson is hit by Derek Boogaard and loses puck.
1:35 of 3rd period - Wrist shot by Martin Havlat.
1:35 of 3rd period - Shot Misses the Net.
1:37 of 3rd period - Slapshot by Rob Scuderi.
1:37 of 3rd period - Deflect By John Tavares.
1:37 of 3rd period - Stopped by Cory Schneider without a rebound.
1:38 of 3rd period - John Tavares wins face-off versus Pavel Datsyuk in Stars zone.
1:55 of 3rd period - Snap shot by John Tavares.
1:55 of 3rd period - Stopped by Andrei Vasilevskiy with a rebound.
2:23 of 3rd period - Slapshot by Cam Fowler.
2:23 of 3rd period - Shot Blocked by Ian White.
2:28 of 3rd period - Icing by Jussi Jokinen.
2:29 of 3rd period - Antoine Vermette wins face-off versus Peter Mueller in Stars zone.
2:42 of 3rd period - Snap shot by Peter Mueller.
2:42 of 3rd period - Stopped by Cory Schneider with a rebound.
2:44 of 3rd period - Wrist shot by Branislav Mezei.
2:44 of 3rd period - Stopped by Cory Schneider with a rebound.
2:56 of 3rd period - Michael Grabner is hit by Max Pacioretty and loses puck.
3:27 of 3rd period - Slapshot by Boris Valabik.
3:27 of 3rd period - Deflect By Cory Emmerton.
3:27 of 3rd period - Shot Misses the Net.
3:27 of 3rd period - Puck is out of play.
3:28 of 3rd period - Peter Mueller wins face-off versus Antoine Vermette in Blue Jackets zone.
3:43 of 3rd period - Snap shot by Peter Mueller.
3:43 of 3rd period - Stopped by Cory Schneider without a rebound.
3:44 of 3rd period - John Tavares wins face-off versus Pavel Datsyuk in Stars zone.
3:48 of 3rd period - Off-side.
3:49 of 3rd period - Pavel Datsyuk wins face-off versus John Tavares in neutral zone.
3:56 of 3rd period - Slapshot by Cam Fowler.
3:56 of 3rd period - Shot Misses the Net.
4:46 of 3rd period - Snap shot by Devin Setoguchi.
4:46 of 3rd period - Goal by Devin Setoguchi - Blue Jackets : 4 - Stars : 4.
4:47 of 3rd period - Pavel Datsyuk wins face-off versus John Tavares in neutral zone.
4:52 of 3rd period - Cam Fowler is hit by Michael Grabner and loses puck.
5:14 of 3rd period - Antoine Vermette is hit by Mike Lundin.
6:13 of 3rd period - Snap shot by Ted Purcell.
6:13 of 3rd period - Shot Blocked by Kevin Porter.
6:25 of 3rd period - Wrist shot by Michael Grabner.
6:25 of 3rd period - Stopped by Andrei Vasilevskiy without a rebound.
6:26 of 3rd period - John Tavares wins face-off versus Pavel Datsyuk in Blue Jackets zone.
6:50 of 3rd period - Icing by A.J Thelen.
6:51 of 3rd period - Pavel Datsyuk wins face-off versus Antoine Vermette in Blue Jackets zone.
6:58 of 3rd period - Backhand shot by Ryan Wilson.
6:58 of 3rd period - Shot Misses the Net.
7:08 of 3rd period - Slapshot by Artemi Panarin.
7:08 of 3rd period - Stopped by Cory Schneider with a rebound.
7:32 of 3rd period - Andreas Nodl is hit by John Tavares and loses puck.
8:03 of 3rd period - Kevin Porter is hit by Cam Atkinson and loses puck.
8:14 of 3rd period - Snap shot by Eric Wellwood.
8:14 of 3rd period - Deflect By Evgeny Grachev.
8:14 of 3rd period - Shot Misses the Net.
8:14 of 3rd period - Puck is out of play.
8:15 of 3rd period - John Tavares wins face-off versus Pavel Datsyuk in Stars zone.
8:15 of 3rd period - John Tavares is hit by Pavel Datsyuk.
8:21 of 3rd period - Wrist shot by Guillaume Latendresse.
8:21 of 3rd period - Deflect By John Tavares.
8:21 of 3rd period - Stopped by Andrei Vasilevskiy with a rebound.
8:27 of 3rd period - Pavel Datsyuk is hit by Michael Grabner and loses puck.
9:07 of 3rd period - Wrist shot by Kevin Porter.
9:07 of 3rd period - Shot Misses the Net.
9:23 of 3rd period - Cam Fowler is hit by Ted Purcell and loses puck.
9:54 of 3rd period - Ryan Wilson is hit by Guillaume Latendresse and loses puck.
10:13 of 3rd period - Slapshot by Devin Setoguchi.
10:13 of 3rd period - Stopped by Cory Schneider without a rebound.
10:14 of 3rd period - John Tavares wins face-off versus Peter Mueller in Stars zone.
11:06 of 3rd period - Snap shot by Max Pacioretty.
11:06 of 3rd period - Stopped by Cory Schneider with a rebound.
11:08 of 3rd period - Slapshot by Mike Lundin.
11:08 of 3rd period - Stopped by Cory Schneider without a rebound.
11:09 of 3rd period - Cody Eakin wins face-off versus Evgeny Grachev in Stars zone.
11:12 of 3rd period - Snap shot by Andreas Nodl.
11:12 of 3rd period - Goal by Andreas Nodl - Blue Jackets : 5 - Stars : 4.
11:13 of 3rd period - Pavel Datsyuk wins face-off versus John Tavares in neutral zone.
11:20 of 3rd period - Snap shot by Pavel Datsyuk.
11:20 of 3rd period - Shot Blocked by Guillaume Latendresse.
11:26 of 3rd period - Slapshot by Guillaume Latendresse.
11:26 of 3rd period - Stopped by Andrei Vasilevskiy with a rebound.
11:28 of 3rd period - Snap shot by Guillaume Latendresse.
11:28 of 3rd period - Stopped by Andrei Vasilevskiy with a rebound.
11:48 of 3rd period - Wrist shot by Devin Setoguchi.
11:48 of 3rd period - Shot Misses the Net.
11:50 of 3rd period - Snap shot by Peter Mueller.
11:50 of 3rd period - Shot Misses the Net.
11:52 of 3rd period - Snap shot by Cam Fowler.
11:52 of 3rd period - Deflect By Devin Setoguchi.
11:52 of 3rd period - Stopped by Cory Schneider with a rebound.
11:54 of 3rd period - Snap shot by Peter Mueller.
11:54 of 3rd period - Stopped by Cory Schneider without a rebound.
11:55 of 3rd period - Cody Eakin wins face-off versus John Tavares in Stars zone.
12:04 of 3rd period - Wrist shot by Guillaume Latendresse.
12:04 of 3rd period - Goal by Guillaume Latendresse - Blue Jackets : 5 - Stars : 5.
12:05 of 3rd period - John Tavares wins face-off versus Pavel Datsyuk in neutral zone.
12:20 of 3rd period - Michael Grabner is hit by Martin Havlat and loses puck.
13:01 of 3rd period - Wrist shot by Max Pacioretty.
13:01 of 3rd period - Stopped by Cory Schneider without a rebound.
13:02 of 3rd period - Pavel Datsyuk wins face-off versus John Tavares in Stars zone.
13:27 of 3rd period - Devin Setoguchi is hit by Jussi Jokinen.
14:18 of 3rd period - Snap shot by Cam Atkinson.
14:18 of 3rd period - Shot Blocked by A.J Thelen.
14:20 of 3rd period - Snap shot by Boris Valabik.
14:20 of 3rd period - Stopped by Andrei Vasilevskiy with a rebound.
14:49 of 3rd period - Off-side.
14:50 of 3rd period - Peter Mueller wins face-off versus Antoine Vermette in neutral zone.
14:53 of 3rd period - Jussi Jokinen is hit by Peter Mueller and loses puck.
15:26 of 3rd period - Brian Lee is hit by Pavel Datsyuk and loses puck.
15:48 of 3rd period - Snap shot by B.J. Crombeen.
15:48 of 3rd period - Shot Misses the Net.
15:50 of 3rd period - Wrist shot by Cory Emmerton.
15:50 of 3rd period - Goal by Cory Emmerton - Blue Jackets : 5 - Stars : 6.
15:51 of 3rd period - John Tavares wins face-off versus Cody Eakin in neutral zone.
16:03 of 3rd period - Wrist shot by John Tavares.
16:03 of 3rd period - Stopped by Andrei Vasilevskiy with a rebound.
16:25 of 3rd period - Wrist shot by Derek Boogaard.
16:25 of 3rd period - Goal by Derek Boogaard - Blue Jackets : 6 - Stars : 6.
16:26 of 3rd period - Cody Eakin wins face-off versus John Tavares in neutral zone.
16:53 of 3rd period - Derek Boogaard is hit by Brian Lee and loses puck.
17:38 of 3rd period - Snap shot by Tyler Kennedy.
17:38 of 3rd period - Shot Blocked by John Tavares.
17:40 of 3rd period - Slapshot by Eric Wellwood.
17:40 of 3rd period - Shot Misses the Net.
17:42 of 3rd period - Snap shot by Tyler Kennedy.
17:42 of 3rd period - Stopped by Cory Schneider without a rebound.
17:43 of 3rd period - Cody Eakin wins face-off versus John Tavares in Stars zone.
18:30 of 3rd period - Slapshot by Rob Scuderi.
18:30 of 3rd period - Stopped by Cory Schneider with a rebound.
Goals for this period are 3 for Blue Jackets vs 2 for Stars.
Shots for this period are 17 for Blue Jackets vs 9 for Stars.
Overtime #1
0:01 of 1st overtime period - John Tavares wins face-off versus Derek Boogaard in neutral zone.
0:04 of 1st overtime period - Snap shot by Brian Lee.
0:04 of 1st overtime period - Shot Blocked by Mike Lundin.
0:06 of 1st overtime period - Slapshot by Ian White.
0:06 of 1st overtime period - Shot Blocked by Cam Fowler.
0:08 of 1st overtime period - Slapshot by Brian Lee.
0:08 of 1st overtime period - Stopped by Andrei Vasilevskiy with a rebound.
0:10 of 1st overtime period - Snap shot by John Tavares.
0:10 of 1st overtime period - Shot Misses the Net.
0:12 of 1st overtime period - Snap shot by Guillaume Latendresse.
0:12 of 1st overtime period - Shot Misses the Net.
0:14 of 1st overtime period - Slapshot by Guillaume Latendresse.
0:14 of 1st overtime period - Shot Blocked by Mike Lundin.
0:16 of 1st overtime period - Snap shot by John Tavares.
0:16 of 1st overtime period - Stopped by Andrei Vasilevskiy with a rebound.
0:48 of 1st overtime period - Johnny Oduya is hit by Devin Setoguchi and loses puck.
1:13 of 1st overtime period - Slapshot by Branislav Mezei.
1:13 of 1st overtime period - Deflect By Andreas Nodl.
1:13 of 1st overtime period - Stopped by Cory Schneider with a rebound.
1:52 of 1st overtime period - Devin Setoguchi is hit by Boris Valabik and loses puck.
2:07 of 1st overtime period - Antoine Vermette is hit by Cam Fowler and loses puck.
2:14 of 1st overtime period - Snap shot by Max Pacioretty.
2:14 of 1st overtime period - Shot Misses the Net.
2:16 of 1st overtime period - Slapshot by Cam Fowler.
2:16 of 1st overtime period - Deflect By Max Pacioretty.
2:16 of 1st overtime period - Stopped by Cory Schneider with a rebound.
2:18 of 1st overtime period - Snap shot by Max Pacioretty.
2:18 of 1st overtime period - Stopped by Cory Schneider with a rebound.
2:56 of 1st overtime period - Ian White is hit by Cam Fowler and loses puck.
3:26 of 1st overtime period - Cam Fowler is hit by Alexander Frolov and loses puck.
4:33 of 1st overtime period - Brian Lee is hit by Max Pacioretty and loses puck.
Goals for this period are 0 for Blue Jackets vs 0 for Stars.
Shots for this period are 3 for Blue Jackets vs 2 for Stars.
ShootOut
5:00 of 1st overtime period - Round #1.
5:00 of 1st overtime period - Blue Jackets, Derek Boogaard.
5:00 of 1st overtime period - Deke by Derek Boogaard.
5:00 of 1st overtime period - Stopped by Cory Schneider.
5:00 of 1st overtime period - Stars, John Tavares.
5:00 of 1st overtime period - Deke by John Tavares.
5:00 of 1st overtime period - Goal by John Tavares.
5:00 of 1st overtime period - Round #2.
5:00 of 1st overtime period - Blue Jackets, Artemi Panarin.
5:00 of 1st overtime period - Deke by Artemi Panarin.
5:00 of 1st overtime period - Stopped by Cory Schneider.
5:00 of 1st overtime period - Stars, Guillaume Latendresse.
5:00 of 1st overtime period - Snap shot by Guillaume Latendresse.
5:00 of 1st overtime period - Shot Misses the Net.
5:00 of 1st overtime period - Round #3.
5:00 of 1st overtime period - Blue Jackets, Martin Havlat.
5:00 of 1st overtime period - Wrist shot by Martin Havlat.
5:00 of 1st overtime period - Stopped by Cory Schneider.
Back to the Top